 Dungeon Crawl Stone Soup version 0.27.0-1-g7a089689b8 (webtiles) character file.

Game seed: 8892260997556320165

79424 ZombieSheep the Victor of a Thousand Battles (level 15, -14/139 HPs)
             Began as a Hill Orc Fighter on Aug 2, 2021.
             Was the Champion of Okawaru.
             Demolished by a white very ugly thing (17 damage)
             ... on level 14 of the Dungeon.
             The game lasted 01:04:07 (30920 turns).

ZombieSheep (HOFi)                                 Turns: 30920, Time: 01:04:08

Health: -14/139    AC: 34    Str: 30    XL:     15   Next: 63%
Magic:  26/26      EV: 13    Int:  8    God:    Okawaru [******]
Gold:   1735       SH:  0    Dex: 15    Spells: 14/14 levels left

rFire    + . .     SeeInvis +   b - +4 dire flail (protect)
rCold    + . .     Faith    .   (shield currently unavailable)
rNeg     . . .     Spirit   .   Q - +0 plate armour {rF+}
rPois    +         Reflect  .   B - +2 helmet
rElec    .         Harm     .   z - +0 cloak
rCorr    .         Rampage  .   y - +1 pair of gloves {Str+3}
Will     +....                  K - +2 pair of boots
Stlth    ..........             h - amulet of the acrobat
HPRegen  0.33/turn              I - ring "Uleuv" {rPois Str+6 Slay+3 SInv Stlth+}
MPRegen  0.20/turn              n - ring "Zeharuuz" {rC+ Stlth+}

@: under a protective aura, hasted, very quick
A: no striking features
a: Renounce Religion, Heroism, Finesse


You were on level 14 of the Dungeon.
You worshipped Okawaru.
Okawaru was exalted by your worship.
You visited 3 branches of the dungeon, and saw 22 of its levels.
You also visited: Sewer and Bailey.

You collected 1735 gold pieces.

Inventory:

Hand Weapons
 a - a +1 war axe
 b - a +4 dire flail of protection (weapon)
 o - the +6 glaive of Inquiry {holy, Fragile rElec Will+ Int+4}
   (You found it on level 8 of the Dungeon)

   It has been blessed by the Shining One to cause great damage to the undead
   and demons.
   Int:       It affects your intelligence (+4).
   rElec:     It insulates you from electricity.
   Fragile:   It will be destroyed if unequipped.
   Will:      It increases your willpower.
 v - a +1 whip of flaming
 P - the +11 mace of Mana {vamp, Str+3}
   (You took it off an orc warrior on level 12 of the Dungeon)

   It occasionally heals its wielder for a portion of the damage dealt when it
   wounds a living foe.
   Str:       It affects your strength (+3).
Armour
 y - a +1 pair of gloves of strength (worn)
 z - a +0 cloak (worn)
 B - a +2 helmet (worn)
 K - a +2 pair of boots (worn)
 Q - a +0 plate armour of fire resistance (worn)
Jewellery
 e - an amulet of regeneration
 h - an amulet of the acrobat (around neck)
 k - an amulet of reflection
 n - the ring "Zeharuuz" (right hand) {rC+ Stlth+}
   (You acquired it on level 7 of the Dungeon)

   [ring of protection from cold]

   rC:        It protects you from cold.
   Stlth:     It makes you more stealthy.
 r - a ring of protection from fire
 x - a ring of fire
 I - the ring "Uleuv" (left hand) {rPois Str+6 Slay+3 SInv Stlth+}
   (You acquired it on level 2 of the Lair of Beasts)

   [ring of strength]

   Str:       It affects your strength (+6).
   Slay:      It affects your accuracy & damage with ranged weapons and melee
   (+3).
   rPois:     It protects you from poison.
   SInv:      It lets you see invisible.
   Stlth:     It makes you more stealthy.
Wands
 q - a wand of acid (17)
 u - a wand of flame (44)
 J - a wand of iceblast (24)
 M - a wand of digging (8)
 O - a wand of charming (12)
Scrolls
 f - 3 scrolls of silence
 g - 7 scrolls of teleportation
 p - 2 scrolls of magic mapping
 s - 2 scrolls of enchant weapon
 w - 7 scrolls of identify
 A - 2 scrolls of enchant armour
 C - 4 scrolls of amnesia
 L - a scroll of fear
Potions
 c - 2 potions of mutation
 d - a potion of might
 i - 10 potions of curing
 j - 4 potions of attraction
 l - 4 potions of flight
 m - a potion of brilliance
 t - a potion of cancellation
 D - a potion of resistance
 E - 3 potions of lignification
 F - 2 potions of haste
 G - 2 potions of invisibility


   Skills:
 + Level 14.5 Fighting
 - Level 8.9(12.4) Axes
 + Level 12.0(12.7) Maces & Flails
 + Level 13.5 Armour
 + Level 10.5 Dodging
 - Level 3.2 Shields
 + Level 14.9 Invocations


You had 14 spell levels left.
You didn't know any spells.
Your spell library contained the following spells:

 Spells                   Type           Power      Damage    Failure   Level
 Apportation              Tloc           0%         N/A       95%         1
 Magic Dart               Conj           0%         1d3       95%         1
 Pain                     Necr           0%         1d4       95%         1
 Call Imp                 Summ           0%         N/A       98%         2
 Passwall                 Tmut/Erth      0%         N/A       98%         2
 Conjure Flame            Conj/Fire      0%         6-21      100%        3
 Dazzling Flash           Conj/Hex       0%         N/A       100%        3
 Gell's Gravitas          Tloc           0%         N/A       100%        3
 Ignite Poison            Fire/Tmut/Pois 0%         N/A       100%        3
 Lesser Beckoning         Tloc           0%         N/A       100%        3
 Mephitic Cloud           Conj/Pois/Air  0%         N/A       100%        3
 Swiftness                Air            0%         N/A       100%        3
 Teleport Other           Tloc           0%         N/A       100%        3
 Iskenderun's Mystic Bla  Conj/Tloc      0%         2d3       100%        4
 Sticky Flame             Conj/Fire      0%         2d3       100%        4
 Agony                    Necr           0%         N/A       100%        5
 Alistair's Intoxication  Tmut/Pois      0%         N/A       100%        5
 Excruciating Wounds      Necr           0%         N/A       100%        5
 Silence                  Hex/Air        0%         N/A       100%        5
 Invisibility             Hex            0%         N/A       100%        6
 Starburst                Conj/Fire      0%         8x6d3     100%        6


Dungeon Overview and Level Annotations

Branches:
Dungeon (15/15)            Temple (1/1) D:5            Lair (6/6) D:11
 Shoals (0/4) Lair:3        Snake (0/4) Lair:4        Slime (0/5) Lair:5
    Orc (0/2) D:9           Sewer (visited)          Bailey (visited)
 Vaults: D:13-14     Depths: D:15

Altars:
Ashenzari
Cheibriados
Dithmenos
Elyvilon
Fedhas
Gozag
Hepliaklqana
Kikubaaqudgha
Makhleb
Nemelex Xobeh
Okawaru
Qazlal
Ru
Sif Muna
Trog
Uskayaw
Vehumet
Wu Jian
Xom
Yredelemnul
Zin
The Shining One
Lugonu

Shops:
D:13 :

Portals:
Abyss: Lair:6

Annotations:
D:12 1 runed translucent door, ParallaxScroll's ghost, journeyman DjWn
D:13 2 runed translucent doors
Lair:1 1 runed translucent door, shoop's ghost, journeyman DjWr


Message History

The ogre mage simulacrum vaporises!
Really walk into that cloud of freezing vapour? [Y]es or [N]o only, please.
Really walk into that cloud of freezing vapour? [Y]es or [N]o only, please.
Really walk into that cloud of freezing vapour? [Y]es or [N]o only, please.
Really walk into that cloud of freezing vapour?
Okay, then.
You start resting.
A white very ugly thing comes into view.
Things that are here:
a +0 shortbow; 16 arrows; a centaur corpse You sock the white very ugly thing!
Your weapon exudes an aura of protection.
The white very ugly thing is lightly wounded.
The white very ugly thing closely misses you.
You sock the white very ugly thing!
The white very ugly thing is lightly wounded.
The white very ugly thing trunk-slaps you but does no damage.
You puncture the white very ugly thing!
The white very ugly thing is moderately wounded.
You barely miss the white very ugly thing.
The white very ugly thing is moderately wounded.
The white very ugly thing trunk-slaps you.
The white very ugly thing freezes you!! You resist.
You bludgeon the white very ugly thing!!
The white very ugly thing is heavily wounded.
You bludgeon the white very ugly thing!!
The white very ugly thing is severely wounded.
The white very ugly thing trunk-slaps you!
* * * LOW HITPOINT WARNING * * *
The white very ugly thing freezes you!! You resist.
* * * LOW HITPOINT WARNING * * *
You hit the white very ugly thing.
The white very ugly thing is severely wounded.
The white very ugly thing trunk-slaps you but does no damage.
You feel yourself speed up.
The white very ugly thing trunk-slaps you!
You die...

...<....#...........## ###....
......##.^.>.........## ##...
......###..#..........## ###...
.......##..............# #.....
.......###.............#####.....
........###.............#.....###
........# #...................#
........####....<..........####
#........# #....@.........##
#..#.....# ##...u.........#
#...##...# ##............#
##..###### #..........### #..#
##...(#....# #..# #...##....#..?
#..# ##...#..###..# #..#
#......#....# #..# ##.....#....


You could see a white very ugly thing.

Vanquished Creatures
  Gastronok (Lair:2)
  An orc warlord (D:12)
  Snorg (D:12)
  2 vault guards
  4 boulder beetles
  Fannar (Lair:1)
  2 two-headed ogres
  A catoblepas (Lair:4)
  6 centaur warriors
  6 hydras
  An ogre mage (D:14)
  A death knight (D:12)
  2 tengu warriors (D:14)
  6 death yaks (Lair:6)
  3 thrashing horrors (Lair:6)
  4 deep elf knights
  Sonja (Lair:4)
  A glowing orange brain (shapeshifter) (D:12)
  A phantasmal warrior (D:12)
  A deep elf pyromancer (D:12)
  Pikel (D:7)
  2 manticores (Lair:4)
  3 orc knights
  A necromancer (D:14)
  10 ugly things
  A cyclops (D:13)
  8 elephants
  Joseph (D:9)
  5 black mambas
  Maggie (Lair:2)
  3 smoke demons (Lair:6)
  A torpor snail (Lair:6)
  An eye of devastation (Lair:5)
  3 orange demons
  2 gargoyles
  7 cane toads
  An unseen horror (D:11)
  10 komodo dragons
  2 rime drakes
  A yaktaur (D:14)
  An efreet (D:14)
  3 ancient zymes (Lair:6)
  3 red devils
  2 freezing wraiths
  2 trolls (D:12)
  2 polar bears
  2 hornets
  13 blink frogs
  Sigmund (D:6)
  A shadow (D:12)
  A ynoxinul (Lair:6)
  2 wraiths
  2 wyverns
  34 yaks
  Grum (D:10)
  2 chaos spawn (Lair:6)
  3 steam dragons (D:6)
  11 basilisks
  A warg (shapeshifter) (D:14)
  11 vampire mosquitoes
  2 nagas (Lair:4)
  15 water moccasins
  A floating eye (Lair:5)
  3 black bears
  4 ice beasts
  21 orc warriors
  A sky beast (D:7)
  A hornet zombie (D:7)
  35 wolves
  3 ogres
  A necrophage (D:7)
  5 centaurs
  A phantom (D:4)
  A lemure (D:7)
  Blork the orc (D:6)
  2 kobold brigands
  A bullfrog (shapeshifter) (Lair:6)
  15 bullfrogs
  A gnoll sergeant (D:11)
  A water moccasin zombie (D:7)
  A scorpion (D:4)
  A wyvern zombie (D:7)
  A wyvern skeleton (D:4)
  9 small abominations (Lair:6)
  A water moccasin skeleton (D:6)
  4 killer bees (D:8)
  A howler monkey (D:7)
  An electric eel (Lair:6)
  2 jellies
  11 orc priests
  2 bullfrog zombies
  3 centaur zombies
  A gnoll shaman (D:7)
  A centaur skeleton (D:7)
  Terence (D:2)
  An iguana (D:7)
  18 orc wizards
  5 hell rats (Lair:2)
  A killer bee zombie (D:9)
  A howler monkey zombie (D:5)
  15 gnolls
  3 river rats (Lair:2)
  10 adders
  A white imp (D:7)
  3 ufetubi
  2 worms
  42 orcs
  11 ball pythons
  8 bats
  16 endoplasms
  11 giant cockroaches
  10 hobgoblins
  7 jackals
  17 quokkas
  9 frilled lizards
  14 goblins
  19 kobolds
  A quokka zombie (D:4)
  10 rats
  A rat zombie (D:4)
599 creatures vanquished.

Vanquished Creatures (others)
  An ogre mage (D:14)
  A bush (Lair:6)
  18 fungi
  19 plants
39 creatures vanquished.

Grand Total: 638 creatures vanquished

Notes
Turn   | Place    | Note
-------+----------+-------------------------------------------
     0 | D:1      | ZombieSheep the Hill Orc Fighter began the quest for the
                  | Orb.
     0 | D:1      | Reached XP level 1. HP: 19/19 MP: 1/1
    51 | D:1      | Reached XP level 2. HP: 26/27 MP: 2/2
   362 | D:1      | Reached XP level 3. HP: 33/33 MP: 3/3
  1031 | D:2      | Found a hazy altar of Hepliaklqana.
  1299 | D:2      | Noticed Terence
  1307 | D:2      | Killed Terence
  1308 | D:2      | Reached skill level 1 in Dodging
  1308 | D:2      | Reached XP level 4. HP: 32/40 MP: 4/4
  1838 | D:3      | Found a white marble altar of Elyvilon.
  1889 | D:3      | Found a glowing drain.
  1899 | Sewer    | Entered a sewer
  2201 | Sewer    | Reached XP level 5. HP: 30/47 MP: 5/5
  2582 | Sewer    | Reached skill level 5 in Axes
  2583 | Sewer    | Reached XP level 6. HP: 35/55 MP: 6/6
  3194 | D:3      | Found an ornate altar of the Wu Jian Council.
  3541 | D:4      | Noticed a black bear
  3576 | D:3      | Reached skill level 5 in Fighting
  3786 | D:4      | Reached XP level 7. HP: 50/61 MP: 7/7
  3854 | D:5      | Entered Level 5 of the Dungeon
  4029 | D:5      | Found a staircase to the Ecumenical Temple.
  4046 | Temple   | Entered the Ecumenical Temple
  4258 | Temple   | Became a worshipper of Warmaster Okawaru
  4301 | D:5      | Noticed a komodo dragon
  4308 | D:5      | HP: 2/61 [komodo dragon (12)]
  4310 | D:5      | Killed a komodo dragon
  4310 | D:5      | Reached * piety under Okawaru
  4311 | D:5      | Reached skill level 5 in Armour
  5000 | D:4      | Reached XP level 8. HP: 69/70 MP: 9/9
  5768 | D:4      | Found a stormy altar of Qazlal.
  5768 | D:4      | Found a shadowy altar of Dithmenos.
  5867 | D:4      | Reached ** piety under Okawaru
  6535 | D:6      | Reached XP level 9. HP: 35/78 MP: 12/12
  6813 | D:6      | Noticed Sigmund
  7267 | D:6      | Killed Sigmund
  7281 | D:6      | Reached skill level 5 in Invocations
  8149 | D:6      | Noticed Blork the orc
  8158 | D:6      | Killed Blork the orc
  8243 | D:6      | Reached *** piety under Okawaru
  8393 | D:7      | Noticed Pikel
  8416 | D:7      | Killed Pikel
  8417 | D:7      | Reached skill level 1 in Maces & Flails
  8839 | D:7      | Reached skill level 5 in Dodging
  8845 | D:7      | Reached XP level 10. HP: 86/88 MP: 14/14
  9169 | D:7      | Reached **** piety under Okawaru
 10013 | D:7      | Identified a scroll of acquirement
 10016 | D:7      | Acquired the ring "Zeharuuz" {rC+ Stlth+}
 10134 | D:8      | Reached ***** piety under Okawaru
 10507 | D:8      | Identified the +6 glaive of Inquiry {holy, Fragile rElec
                  | Will+ Int+4}
 11069 | D:9      | Found a staircase to the Orcish Mines.
 11074 | D:9      | Found a glowing golden altar of the Shining One.
 11076 | D:9      | Found a shimmering blue altar of Sif Muna.
 11077 | D:9      | Found a basalt altar of Yredelemnul.
 11078 | D:9      | Found a blossoming altar of Fedhas.
 11292 | D:9      | Identified the +1 scale mail of Lifelessness {rC+ Str+4}
                  | (Okawaru gifted it to you on level 9 of the Dungeon)
 11292 | D:9      | Received a gift from Okawaru
 11584 | D:9      | Noticed Joseph
 11611 | D:9      | Killed Joseph
 11612 | D:9      | Reached skill level 5 in Maces & Flails
 11612 | D:9      | Reached XP level 11. HP: 88/97 MP: 17/17
 11815 | D:9      | Identified the +6 dagger of Truncation {freeze, Will+
                  | rCorr}
 11842 | D:10     | Entered Level 10 of the Dungeon
 12736 | D:10     | Noticed a two-headed ogre
 12739 | D:10     | Noticed Grum
 12758 | D:10     | Killed a two-headed ogre
 12759 | D:10     | Reached skill level 10 in Fighting
 13208 | D:10     | Killed Grum
 14394 | D:11     | Noticed a boulder beetle
 14479 | D:11     | Found a staircase to the Lair.
 14618 | Lair:1   | Entered Level 1 of the Lair of Beasts
 14779 | Lair:1   | Reached skill level 10 in Invocations
 15058 | Lair:1   | Received a gift from Okawaru
 15070 | Lair:1   | Reached XP level 12. HP: 106/108 MP: 19/19
 15275 | Lair:1   | Reached skill level 10 in Armour
 15948 | Lair:1   | Found a runed translucent door.
 15948 | Lair:1   | Noticed shoop's ghost (journeyman DjWr)
 15950 | Lair:1   | Identified the +0 spear "Kurod" {drain, rN+}
 17052 | Lair:2   | Noticed an eight-headed hydra
 17079 | Lair:2   | Killed an eight-headed hydra
 17081 | Lair:2   | Noticed Gastronok
 17082 | Lair:2   | Noticed Fannar
 17135 | Lair:1   | Killed Fannar
 17491 | Lair:2   | Acquired the ring "Uleuv" {rPois Str+6 Slay+3 SInv Stlth+}
 17515 | Lair:2   | Killed Gastronok
 17515 | Lair:2   | Identified the +5 buckler of Impatience {-Tele rElec Dex+7
                  | Stlth+} (Okawaru gifted it to you on level 2 of the Lair of
                  | Beasts)
 17515 | Lair:2   | Received a gift from Okawaru
 17864 | Lair:2   | Noticed Maggie
 17879 | Lair:2   | Killed Maggie
 18278 | Lair:2   | Noticed a five-headed hydra
 18285 | Lair:2   | Killed a five-headed hydra
 18286 | Lair:2   | Reached XP level 13. HP: 102/117 MP: 21/21
 18685 | Lair:3   | Found a staircase to the Shoals.
 19396 | Lair:4   | Found a staircase to the Snake Pit.
 19789 | Lair:4   | Reached ****** piety under Okawaru
 20262 | Lair:5   | Noticed Sonja
 20278 | Lair:4   | Killed Sonja
 20392 | Lair:5   | Received a gift from Okawaru
 20542 | Lair:5   | Found a staircase to the Slime Pits.
 20828 | Lair:5   | Identified the +1 trident of Raso {venom, rC+}
 21613 | Lair:6   | Entered Level 6 of the Lair of Beasts
 21802 | Lair:6   | Received a gift from Okawaru
 21856 | Lair:6   | Reached skill level 10 in Maces & Flails
 21868 | Lair:6   | Reached XP level 14. HP: 76/127 MP: 23/23
 22149 | Lair:6   | Identified the ring of Xom's Entertainment {Ice Will+ Str-2
                  | Dex+4}
 23028 | Lair:6   | Received a gift from Okawaru
 24423 | Lair:6   | Found a corrupted altar of Lugonu.
 24423 | Lair:6   | Found a one-way gate to the infinite horrors of the Abyss.
 26088 | D:12     | Found a runed translucent door.
 26088 | D:12     | Found a shimmering altar of Xom.
 26088 | D:12     | Noticed ParallaxScroll's ghost (journeyman DjWn)
 26366 | D:12     | Found an iron altar of Okawaru.
 26366 | D:12     | Noticed an orc warlord
 26460 | D:12     | Received a gift from Okawaru
 26490 | D:12     | Identified the +11 mace of Mana {vamp, Str+3}
 26510 | D:12     | Reached skill level 10 in Dodging
 26523 | D:12     | Reached XP level 15. HP: 33/137 MP: 25/25
 26530 | D:12     | HP: 2/137 [orc warrior (14)]
 26675 | D:12     | Identified the +3 leather armour "Udwiew" {rF+++ rC- Will+
                  | MP+9 Str+2}
 26885 | D:12     | Identified the +4 whip of Death {flame, rElec}
 26916 | D:12     | Killed an orc warlord
 26925 | D:12     | Identified the +1 leather armour "Vifusyam" {Regen+}
 26980 | D:12     | Identified the +6 quarterstaff "Otaizog" {vorpal, Int+5}
 27539 | D:13     | Noticed Snorg
 27550 | D:12     | Killed Snorg
 27910 | D:13     | Identified the +2 chain mail of Magic {rElec Int+8}
 27928 | D:13     | Found a gate leading to a gauntlet.
 27942 | D:13     | Found a flagged portal.
 27963 | Bailey   | Entered a bailey
 28468 | D:13     | Found a blossoming altar of Fedhas.
 28712 | D:13     | Found a runed translucent door.
 28813 | D:13     | Found a runed translucent door.
 28865 | D:13     | Found Vitiagro's Book Emporium.
 30104 | D:15     | Entered Level 15 of the Dungeon
 30387 | D:14     | Paralysed by an ogre mage for 2 turns
 30585 | D:14     | Received a gift from Okawaru
 30918 | D:14     | HP: 2/139 [white very ugly thing (26)]
 30920 | D:14     | Demolished by a white very ugly thing

Illustrated notes

Levels and vault maps discovered:
D:1:      minmay_arrival_solitary_statue, layout_basic, serial_bayou_pond_d,
          st_stairs_2, minmay_misc_feat_diagonals
D:2:      layout_loops_corners, basic_altar, minmay_3d_cube, uniq_terence
D:3:      layout_loops_ring, nicolae_elyvilon_temple_path,
          overflow_temple_1_default, cheibrodos_sewer_entry_drain
D:4:      layout_rooms, gammafunk_temple_overflow_elements, enter_ossuary_4
D:5:      layout_basic, minmay_temple_entry_large_hall, bh_walls_and_bars
D:6:      cheibrodos_steamvent, layout_loops_ring, uniq_sigmund,
          uniq_blork_the_orc
D:7:      kennysheep_six_static_rooms, layout_basic, hex_medium,
          minmay_increasing_density, uniq_pikel
D:8:      layout_loops_cross
D:9:      layout_grid_maze, grunt_temple_overflow_open, orc_0_dummy,
          minmay_unpleasant_kobolds, uniq_joseph
D:10:     layout_irregular_city, minmay_beelzebubs_servants, uniq_grum
D:11:     layout_basic, david_lair_shrubbed, minmay_tree_intersection
D:12:     evilmike_iron_armoury, layout_gridville, ebering_ghost_xom,
          chequers_serial_rivers_micro_b
D:13:     cheibrodos_histonic, layout_loops_ring, serial_shops, shop,
          gauntlet_entry_generic, enter_bailey_3, fedhas_altar_2, uniq_snorg
D:14:     minmay_stepped, layout_cave_pods, grunt_vaults_entry_fortified,
          minmay_statues_item, blue_anna_alchemist
D:15:     gammafunk_enter_depths_forms, layout_irregular_city,
          gammafunk_ghost_hive, evilmike_ruin_ashenzari,
          minmay_misc_feat_ornament, minmay_diced_spiral, uniq_louise,
          uniq_azrael
Temple:   eino_temple_water
Lair:1:   layout_cave_pods, ebering_ghost_funeral_grove,
          grunt_forest_large_clearings
Lair:2:   layout_layer_cave, kennysheep_abandoned_house, lemuel_fruit_tree,
          uniq_gastronok, uniq_maggie, uniq_fannar
Lair:3:   layout_cave_pods, elwin_shoals_entry_rocks, st_stairs_7,
          nicolae_lair_grove_arrangements, kennysheep_basilisk_garden,
          grunt_megastairs_1
Lair:4:   nzn_motion_control, layout_cave_shapes, guppyfry_snake_entry_island
Lair:5:   layout_cave_pods, minmay_slime_entry_eyes, uniq_sonja
Lair:6:   hellmonk_lair_end_abyssal_woods, layout_loops_ring,
          grunt_megastairs_3, serial_bayou_shore_a

Skill      XL: |  1  2  3  4  5  6  7  8  9 10 11 12 13 14 15 |
---------------+----------------------------------------------+-----
Axes           | 3 4 5 6 7 8 |  8.9
Fighting       | 4 5 6 8 9 10 11 12 13 14 | 14.5
Dodging        | 1 2 3 5 6 7 8 9 10 | 10.5
Armour         | 4 5 6 7 8 9 11 12 13 | 13.5
Invocations    | 2 4 6 8 10 11 12 14 | 14.9
Maces & Flails | 2 5 6 8 10 11 12 | 12.0
Shields        | |  3.2

Action                   |  1- 3 |  4- 6 |  7- 9 | 10-12 | 13-15 || total
-------------------------+-------+-------+-------+-------+-------++-------
Melee: War axe           |   107 |   223 |   237 |       |       ||   567
       Dire flail        |       |       |    71 |   862 |  1136 ||  2069
Invok: Heroism           |       |       |       |     1 |     2 ||     3
       Finesse           |       |       |       |     1 |     2 ||     3
Evoke: Wand              |       |       |     5 |     3 |       ||     8
  Use: Scroll            |     2 |     3 |     6 |    11 |     7 ||    29
       Potion            |       |       |     4 |     3 |     6 ||    13
 Stab: Sleeping          |     1 |     4 |     1 |     7 |    11 ||    24
       Distracted        |       |       |       |     1 |     4 ||     5
       Petrified         |       |       |       |       |     5 ||     5
Armor: Scale mail        |    75 |       |       |       |       ||    75
       Shadow dragon sca |     7 |   162 |   236 |   662 |   446 ||  1513
       Plate armour      |       |       |       |       |   211 ||   211
Dodge: Dodged            |    73 |    98 |   155 |   558 |   780 ||  1664
